AoeStats
← T0MAS

Arena

505226170Analyzed
2v2 RM · 25d ago on Sep 8, 2026· 50m 13s· 4 players
Game mode
Random Map
Map size
Medium (4 player)
Population
200
Speed
Normal
Resources
Standard
Victory
Conquest
Starting age
Dark Age
Ending age
Imperial Age
RankedLock teamsTeams togetherTeam positionsShared explorationLock speedFull tech treeHidden civsTurbo modeCheats
Victory
Defeat
🇨🇳 Chinese · China
662
+18
🇨🇿 Bohemians · Czechia
638
+20
🇭🇰 Wei · Hong Kong SAR China
705
-41
🇨🇳 Franks · China
705
-41
301301301
0:53 Loom
11:56 Feudal Age
14:28 Double-Bit Axe
19:43 Castle Age
17:43 Horse Collar
18:49 Arson
19:47 Wheelbarrow
19:21 Scale Mail Armor
23:13 Town Watch
25:33 Bow Saw
26:12 Hand Cart
26:02 Town Patrol
27:52 Heavy Plow
35:16 Imperial Age
32:56 Padded Archer Armor
32:47 Fletching
33:08 Forging
33:04 Scale Barding Armor
34:18 Chain Mail Armor
33:59 Stone Mining
33:59 Gold Mining
37:13 Chemistry
36:09 Murder Holes
36:27 Masonry
36:16 Bodkin Arrow
37:20 Conscription
37:17 Squires
36:38 Pikeman
40:41 Architecture
40:33 Ballistics
42:43 Two-Man Saw
42:02 Leather Archer Armor
41:47 Bracer
42:23 Iron Casting
43:54 Stone Shaft Mining
43:54 Gold Shaft Mining
46:28 Elite Fire Lancer
50:06 Great Wall
T0MAS
11:31 Feudal Age
12:23 Horse Collar
13:32 Double-Bit Axe
19:44 Castle Age
19:14 Fletching
21:43 Bow Saw
21:38 Heavy Plow
29:47 Imperial Age
27:56 Forging
28:10 Ballistics
28:29 Pikeman
29:09 Squires
32:02 Chemistry
31:40 Iron Casting
31:12 Halberdier
33:10 Wheelbarrow
32:07 Elite Hussite Wagon
36:15 Blast Furnace
35:19 Scale Mail Armor
35:16 Bodkin Arrow
36:28 Hand Cart
38:16 Houfnice
41:53 Bracer
42:10 Chain Mail Armor
43:52 Masonry
43:51 Siege Engineers
43:44 Murder Holes
44:09 Padded Archer Armor
44:42 Plate Mail Armor
Joker
10:50 Feudal Age
15:27 Castle Age
14:04 Wheelbarrow
15:27 Double-Bit Axe
17:53 Bow Saw
22:43 Stone Mining
24:09 Hand Cart
24:05 Gold Mining
32:15 Imperial Age
31:39 Gold Shaft Mining
31:23 Husbandry
31:57 Scale Barding Armor
32:03 Forging
33:28 Conscription
32:32 Cavalier
33:36 Chain Barding Armor
33:44 Murder Holes
34:33 Iron Casting
34:07 Chivalry
34:05 Paladin
37:49 Blast Furnace
37:25 Plate Barding Armor
42:29 Gambesons
42:46 Squires
42:31 Arson
42:12 Elite Skirmisher
42:16 Crossbowman
43:32 Pikeman
44:10 Halberdier
45:02 Capped Ram
城物语
12:48 Feudal Age
21:15 Castle Age
19:34 Horse Collar
21:18 Stone Mining
21:16 Double-Bit Axe
22:45 Heavy Plow
24:12 Gold Mining
31:01 Gold Shaft Mining
31:02 Stone Shaft Mining
31:30 Bow Saw
33:10 Wheelbarrow
33:46 Tuntian
34:54 Fortified Wall
38:45 Imperial Age
37:37 Padded Archer Armor
37:27 Fletching
41:36 Parthian Tactics
42:39 Leather Archer Armor
42:19 Bodkin Arrow
43:24 Crop Rotation
43:17 Hand Cart
45:39 Ballistics
46:19 Chemistry
46:03 Husbandry
46:13 Bloodlines
Connection lost

Rejoining the realm…

Still unreachable

The connection could not be restored.

Session expired

The server has moved on; the page needs a fresh start.